 Dungeon Crawl Stone Soup version 0.20.1-1-g8b1a95d (webtiles) character file.

129 theElss the Skirmisher (level 5, -9/34 HPs)
             Began as a Gargoyle Berserker on July 8, 2017.
             Was a Believer of Trog.
             Mangled by a gnoll
             ... wielding a +0 halberd
              (12 damage)
             ... on level 3 of the Dungeon.
             The game lasted 00:04:11 (1638 turns).

theElss the Skirmisher (Gargoyle Berserker)         Turns: 1638, Time: 00:04:11

Health: -9/34      AC:  8    Str: 21    XL:     5   Next: 12%
Magic:  5/5        EV: 12    Int:  8    God:    Trog [**....]
Gold:   72         SH:  0    Dex:  9    Spells: 4/4 levels left

rFire    . . .     SeeInvis .   a - +0 mace
rCold    . . .     Gourm    .   (no shield)
rNeg     + . .     Faith    .   b - +0 animal skin
rPois    ∞         Spirit   .   (no helmet)
rElec    +         Reflect  .   m - +0 cloak
rCorr    .         Harm     .   g - +0 pair of gloves
MR       ++...                  (no boots)
Stlth    +.........             (no amulet)
Regen    1.2/turn               (no ring)
MPRegen  0.1/turn               (no ring)

@: berserk cooldown, regenerating, slowed, very slow
A: negative energy resistance 1, electricity resistance, unbreathing,
petrification resistance, rot immunity, AC +4
a: Berserk, Trog's Hand, Burn Spellbooks, Renounce Religion


You were on level 3 of the Dungeon.
You worshipped Trog.
Trog was pleased with you.
You were very hungry.

You visited 1 branch of the dungeon, and saw 3 of its levels.

You collected 72 gold pieces.

Inventory:

Hand Weapons
 a - a +0 mace (weapon)
Armour
 b - a +0 animal skin (worn)
 g - a +0 pair of gloves (worn)
 m - a +0 cloak (worn)
Wands
 l - a wand of confusion (28/48)
Scrolls
 e - 2 scrolls of enchant armour {unknown}
 i - a scroll of random uselessness {unknown}
 k - 3 scrolls of remove curse {unknown}
Potions
 f - 2 potions of heal wounds {unknown}
 h - a potion of magic {unknown}
Books
 j - a book of Misfortune

   Spells                             Type                      Level
   a - Confusing Touch                Hexes                        1
   b - Confuse                        Hexes                        3
   c - Gell's Gravitas                Translocation                3
   d - Petrify                        Transmutation/Earth          4
   e - Metabolic Englaciation         Hexes/Ice                    5
   f - Yara's Violent Unravelling     Hexes/Transmutation          5
   Trog disapproves of the use of such an item.
Comestibles
 c - a bread ration
 d - a chunk of flesh


   Skills:
 + Level 4.5 Fighting
 + Level 4.2 Maces & Flails
 + Level 2.1 Armour
 + Level 2.4 Dodging
 + Level 0.5 Stealth


You had 4 spell levels left.
You didn't know any spells.

Dungeon Overview and Level Annotations

Branches:
Dungeon (3/15)

Altars:
Elyvilon

Annotations:
D:3 Grinder


Innate Abilities, Weirdness & Mutations

You are resistant to torment.
Your stone body is resilient. (AC +4)
You are immune to poison.
You resist negative energy. (rN+)
You are resistant to electric shocks. (rElec)
You can survive without breathing.
You are immune to petrification.
You are immune to rotting.


Message History

You completely miss the gnoll.
You are no longer berserk.
You are exhausted.
You feel yourself slow down.
You completely miss the gnoll. The gnoll completely misses you.
The gnoll barely misses you.
You barely miss the gnoll. The gnoll hits you but does no damage.
You sock the gnoll!
The gnoll is severely wounded.
The gnoll hits you with a halberd.
* * * LOW HITPOINT WARNING * * *
Grinder blinks!
The gnoll hits you with a halberd!
* * * LOW HITPOINT WARNING * * *
Unknown command.
Unknown command.
Your skin crawls.
You feel resistant to hostile enchantments.
You are feeling very hungry.
The gnoll hits you with a halberd!
You die...

#.##.#.# #.#
#......#
#.###
#.####.#
#...# #.#
..# ###.#
... #.# #.#
#.# #.# ...
#)# ### #)#
# #@#
##.##g##
#...%§.#
...........#
...(g......#
...8.#.....#
.....5.....#
.>....##.#.#
...... #.#.#


You could see Grinder and a gnoll.

Vanquished Creatures
  Crazy Yiuf (D:2)
  3 gnolls (D:3)
  2 adders (D:2)
  An ooze (D:2)
  A dart slug (D:1)
  A leopard gecko (D:2)
  5 goblins
  7 hobgoblins
  4 jackals (D:1)
  2 quokkas (D:2)
  3 bats
  3 frilled lizards
  9 kobolds
  5 rats
47 creatures vanquished.

Notes
Turn   | Place    | Note
-------+----------+-------------------------------------------
     0 | D:1      | theElss the Gargoyle Berserker began the quest for the Orb.
     0 | D:1      | Reached XP level 1. HP: 14/14 MP: 1/1
    80 | D:1      | Reached XP level 2. HP: 15/20 MP: 2/2
   633 | D:1      | Reached XP level 3. HP: 24/24 MP: 3/3
   918 | D:2      | Reached ** piety under Trog
   927 | D:2      | Found a white marble altar of Elyvilon.
  1217 | D:2      | Reached XP level 4. HP: 29/29 MP: 4/4
  1247 | D:2      | Found a runed door.
  1474 | D:2      | Noticed Crazy Yiuf
  1478 | D:2      | Killed Crazy Yiuf
  1630 | D:3      | Reached XP level 5. HP: 19/34 MP: 5/5
  1633 | D:3      | Noticed Grinder
  1637 | D:3      | HP: 1/34 [gnoll/halberd (8)]
  1638 | D:3      | Mangled by a gnoll

Skill      XL: |  1  2  3  4 |
---------------+-------------+-----
Fighting       | 4 |  4.5
Dodging        | 2 |  2.4
Maces & Flails | 4 |  4.2
Armour         | |  2.1
Stealth        | |  0.5

Action                   |  1- 3 |  4- 6 || total
-------------------------+-------+-------++-------
Melee: Mace              |   141 |    38 ||   179
Invok: Berserk           |     1 |     2 ||     3
       Trog's Hand       |       |     1 ||     1
  Eat: Chunk             |     2 |     3 ||     5
Armor: Animal skin       |    58 |    13 ||    71
Dodge: Dodged            |   101 |    22 ||   123
